 Dungeon Crawl Stone Soup version 0.25.0-46-gbd7b0854d2 (webtiles) character file.

Game seed: 17427503344479521598

280 ANON1729 the Cudgeler (level 6, -1/59 HPs)
             Began as a Troll Gladiator on July 13, 2020.
             Slain by a mummy (10 damage)
             ... in an ossuary.
             The game lasted 00:07:11 (2523 turns).

ANON1729 the Cudgeler (Troll Gladiator)             Turns: 2523, Time: 00:07:14

Health: -1/59      AC:  9    Str: 31    XL:     6   Next: 5%
Magic:  5/5        EV: 10    Int:  4    God:
Gold:   139        SH:  0    Dex: 11    Spells: 5/5 levels left

rFire    . . .     SeeInvis .   a - +0 flail
rCold    . . .     Gourm    +   (no shield)
rNeg     + . .     Faith    .   s - +0 robe (curse)
rPois    .         Spirit   .   c - +0 hat
rElec    .         Reflect  .   v - +2 cloak
rCorr    .         Harm     .   (gloves unavailable)
MR       .....                  (boots unavailable)
Stlth    +.........             (no amulet)
HPRegen  0.59/turn              n - +6 ring of strength
MPRegen  0.09/turn              h - ring of positive energy

@: confused, drained
A: large, unfitting armour, claws 3, fast metabolism 3, gourmand, regeneration
1, shaggy fur 1, tough skin 3
a: no special abilities


You were in an ossuary.
You were full.

You visited 1 branch of the dungeon, and saw 4 of its levels.
You also visited: Ossuary.

You collected 139 gold pieces.

Inventory:

Hand Weapons
 a - a +0 flail (weapon)
 x - a +4 scimitar
Missiles
 d - 3 throwing nets (quivered)
 m - 2 boomerangs of dispersal
Armour
 b - a +0 robe
 c - a +0 hat (worn)
 s - a cursed +0 robe (worn)
 v - a +2 cloak (worn)
Jewellery
 h - a ring of positive energy (right claw)
 k - an uncursed ring of protection from magic
 n - a +6 ring of strength (left claw)
Wands
 o - a wand of acid (8)
Scrolls
 e - a scroll of fear
 i - 3 scrolls of remove curse
 j - 3 scrolls of immolation
 l - 2 scrolls of noise
 r - a scroll of enchant weapon
 t - 5 scrolls of teleportation
 u - a scroll of random uselessness {unknown}
Potions
 p - 2 potions of haste
 q - a potion of brilliance
Comestibles
 f - 7 rations


   Skills:
 + Level 2.9(1.8) Fighting
 + Level 3.9(2.8) Maces & Flails
 + Level 3.2(2.2) Throwing
 + Level 3.4(2.3) Dodging


You had 5 spell levels left.
You didn't know any spells.
Your spell library was empty.

Dungeon Overview and Level Annotations

Branches:
Dungeon (4/15)            Ossuary (1/1)
 Temple: D:4-7

Altars:
Trog
Xom

Annotations:
D:4 1 runed translucent door, Revguard's ghost, novice GrGl


Innate Abilities, Weirdness & Mutations

You are too large for most types of armour.
You have claws for hands.
Your metabolism is lightning-fast.
You like to eat raw meat.
Your natural rate of healing is unusually fast.
You are covered in fur. (AC +1)
You have extremely tough skin. (AC +3)


Message History

The mummy barely misses you.
The hobgoblin zombie hits you but does no damage.
Unknown command.
You hit the mummy but do no damage.
The mummy is heavily damaged.
The kobold zombie completely misses you.
The mummy hits you!
* * * LOW HITPOINT WARNING * * *
The hobgoblin zombie misses you.
Unknown command.
You are confused.
You feel invigorated.
The kobold zombie hits you but does no damage.
You closely miss the mummy.
The mummy is heavily damaged.
The hobgoblin zombie hits you but does no damage.
The kobold zombie hits you.
* * * LOW HITPOINT WARNING * * *
The mummy hits you!
You die...

#....#
#....#
#....#
#....#
#....#
#....#
#ZZ..#
#ZM..#
#@ZZ.#
######


You could see a mummy, 2 hobgoblin zombies, a gnoll zombie, a kobold zombie and
an orc zombie.

Vanquished Creatures
  A wight (D:3)
  A worker ant (D:3)
  3 mummies (Ossuary)
  8 adders
  3 oozes
  An adder skeleton (D:4)
  2 worms (D:2)
  3 dart slugs
  2 leopard geckos
  2 orcs (D:3)
  2 giant cockroaches
  A gnoll zombie (Ossuary)
  9 goblins
  8 hobgoblins
  9 kobolds
  3 quokkas
  A ball python (D:1)
  A ball python skeleton (D:4)
  9 bats
  7 frilled lizards
  An orc zombie (Ossuary)
  5 rats
82 creatures vanquished.

Notes
Turn   | Place    | Note
-------+----------+-------------------------------------------
     0 | D:1      | ANON1729 the Troll Gladiator began the quest for the Orb.
     0 | D:1      | Reached XP level 1. HP: 19/19 MP: 0/0
    55 | D:1      | Reached XP level 2. HP: 24/28 MP: 1/1
   344 | D:1      | Reached XP level 3. HP: 33/35 MP: 2/2
   551 | D:1      | You fall into a shaft and drop 1 floor!
   647 | D:2      | Reached XP level 4. HP: 15/42 MP: 3/3
  1418 | D:3      | Reached XP level 5. HP: 43/50 MP: 4/4
  1453 | D:3      | Found a shimmering altar of Xom.
  1953 | D:3      | Found a bloodstained altar of Trog.
  2108 | D:4      | Noticed Revguard's ghost (novice GrGl)
  2109 | D:4      | Found a runed translucent door.
  2467 | D:4      | Found a sand-covered staircase.
  2472 | Ossuary  | Entered an ossuary
  2510 | Ossuary  | Reached XP level 6. HP: 34/59 MP: 5/5
  2523 | Ossuary  | Slain by a mummy

Illustrated notes

Levels and vault maps discovered:
D:1:      lordsloth_arrival_two_stooges, layout_basic
D:2:      layout_rooms, minmay_hedge_maze
D:3:      layout_loops_ring, lightli_temple_of_fire, tgw_xom
D:4:      layout_layer_cave, enter_ossuary_2, hellmonk_ghost_happy_afterlife,
          minmay_misc_feat_roman
Ossuary:  ossuary_tomb_3

Skill      XL: |  1  2  3  4  5 |
---------------+----------------+-----
Throwing       | 2 3 |  3.2
Maces & Flails | 3 |  3.9
Fighting       | 2 |  2.9
Dodging        | 3 |  3.4

Action                   |  1- 3 |  4- 6 || total
-------------------------+-------+-------++-------
Melee: Flail             |   123 |   200 ||   323
Evoke: Wand              |       |     1 ||     1
  Use: Potion            |     3 |     1 ||     4
       Scroll            |       |     8 ||     8
 Stab: Sleeping          |     1 |     1 ||     2
  Eat: Chunk             |    11 |    15 ||    26
Armor: Robe              |    67 |   104 ||   171
Dodge: Dodged            |   113 |   143 ||   256
